 Dungeon Crawl Stone Soup version 0.25.1-1-g288607f5aa (webtiles) character file.

Game seed: 17749217545612421278

507 Elvor the Bolt Thrower (level 6, -2/53 HPs)
             Began as a Minotaur Hunter on July 22, 2020.
             Slain by a sky beast (5 damage)
             ... on level 3 of the Dungeon.
             The game lasted 00:29:47 (3530 turns).

Elvor the Bolt Thrower (Minotaur Hunter)            Turns: 3530, Time: 00:29:47

Health: -2/53      AC:  3    Str: 18    XL:     6   Next: 97%
Magic:  4/4        EV: 13    Int:  8    God:
Gold:   130        SH:  0    Dex: 13    Spells: 5/5 levels left

rFire    . . .     SeeInvis .   w - +0 rapier
rCold    . . .     Gourm    .   (no shield)
rNeg     . . .     Faith    .   c - +0 leather armour
rPois    .         Spirit   .   (helmet restricted)
rElec    .         Reflect  .   (no cloak)
rCorr    .         Harm     .   (no gloves)
MR       .....                  (no boots)
Stlth    +.........             (no amulet)
HPRegen  0.17/turn              (no ring)
MPRegen  0.09/turn              (no ring)

@: lethally poisoned (-2 -> -3)
A: retaliatory headbutt, horns 2, agile 1, low mp 1
a: no special abilities


You were on level 3 of the Dungeon.
You were not hungry.

You visited 1 branch of the dungeon, and saw 4 of its levels.

You collected 130 gold pieces.

Inventory:

Hand Weapons
 a - a +1 hand crossbow
 r - a +0 mace of holy wrath
 w - a +0 rapier (weapon)
Missiles
 v - 3 bolts
Armour
 c - a +0 leather armour (worn)
Wands
 s - a wand of paralysis (4)
Scrolls
 b - a scroll of remove curse
 h - 2 scrolls of teleportation {unknown}
 i - a scroll of blinking {unknown}
 k - a scroll of immolation {unknown}
 m - a scroll of enchant weapon {unknown}
 o - a scroll of amnesia {unknown}
 p - 2 scrolls of enchant armour {unknown}
Potions
 e - a potion of resistance
 g - a potion of mutation
 j - a potion of cancellation {unknown}
 l - 2 potions of brilliance {unknown}
 n - a potion of ambrosia {unknown}
 q - a potion of stabbing {unknown}
 t - a potion of might {unknown}
 u - a potion of heal wounds {unknown}
Comestibles
 f - 8 rations


   Skills:
 + Level 4.6 Fighting
 + Level 1.8 Short Blades
 + Level 6.8 Crossbows
 + Level 3.5 Armour
 + Level 2.9 Dodging
 + Level 1.0 Stealth
 + Level 0.7 Evocations


You had 5 spell levels left.
You didn't know any spells.
Your spell library was empty.

Dungeon Overview and Level Annotations

Branches:
Dungeon (4/15)
 Temple: D:4-7

Altars:


Innate Abilities, Weirdness & Mutations

You reflexively headbutt those who attack you in melee.
You have a pair of horns on your head.
You are agile. (Dex +2)
Your magical capacity is low. (-10% MP)


Message History

The adder is almost dead.
You feel sick. The adder bites you.
* * * LOW HITPOINT WARNING * * *
The sky beast hits you.
* * * LOW HITPOINT WARNING * * *
The sky beast shocks you.
* * * LOW HITPOINT WARNING * * *
The adder closely misses you. You furiously retaliate!
You headbutt the adder.
You kill the adder!
Evoke which item? (* to show all) (? for menu, Esc to quit)
Aiming: Paralyse
Press: ? - help, Shift-Dir - straight line, f - sky beast
Aim: a sky beast (chance to defeat MR: 48%)
The sky beast resists with some effort.
The sky beast completely misses you.
It was a potion of mutation.
You feel extremely strange.
You feel less energetic.
You feel agile. The sky beast hits you.
* * * LOW HITPOINT WARNING * * *
The sky beast shocks you.
You die...

.# #.....#.## #...###. .#
#)#####..####### #....... .# #.#
##.......####..##... .# #.#
#######...##.###.#. .# #.#
###........## ##### #.#
####....##### ....## #.#
##........# #
###..###.###########..##.<.#.####
####...........Y@†...###...#.#...
..............######## #...#.#.##
..............##########.........
......................[....#...##
......<..###############...#####
.........# #...# .........# #####
.........# ........##


You could see a sky beast.

Vanquished Creatures
  A phantom (D:3)
  A scorpion (D:4)
  3 orc wizards
  A hound (D:3)
  2 worker ants
  5 gnolls (D:3)
  7 adders
  3 oozes
  2 worms
  A dart slug (D:3)
  A leopard gecko (D:3)
  8 orcs
  6 giant cockroaches
  7 goblins
  7 hobgoblins
  7 jackals
  A quokka (D:3)
  3 bats
  2 frilled lizards
  10 kobolds
  A quokka skeleton (D:4)
  4 rats
83 creatures vanquished.

Vanquished Creatures (others)
  A hound skeleton (D:4)
1 creature vanquished.

Grand Total: 84 creatures vanquished

Notes
Turn   | Place    | Note
-------+----------+-------------------------------------------
     0 | D:1      | Elvor the Minotaur Hunter began the quest for the Orb.
     0 | D:1      | Reached XP level 1. HP: 18/18 MP: 0/0
    58 | D:1      | Reached XP level 2. HP: 25/25 MP: 1/1
   147 | D:1      | Reached skill level 5 in Crossbows
   485 | D:2      | Reached XP level 3. HP: 28/30 MP: 2/2
   536 | D:1      | HP: 1/30 [poisoned by an adder]
   861 | D:2      | Reached XP level 4. HP: 38/38 MP: 3/3
  1044 | D:3      | Reached skill level 1 in Armour
  1167 | D:3      | Reached skill level 6 in Crossbows
  1231 | D:3      | Reached XP level 5. HP: 21/45 MP: 4/4
  1293 | D:3      | Reached skill level 1 in Short Blades
  1536 | D:3      | Found a faded altar of an unknown god.
  1694 | D:4      | Noticed a phantom
  2143 | D:3      | Killed a phantom
  2143 | D:3      | Reached XP level 6. HP: 17/52 MP: 5/5
  2804 | D:4      | Noticed a sky beast
  3295 | D:4      | Reached skill level 1 in Stealth
  3530 | D:3      | Gained mutation: Your magical capacity is low. (-10% MP)
                  | [potion of mutation]
  3530 | D:3      | Gained mutation: You are agile. (Dex +2) [potion of
                  | mutation]
  3530 | D:3      | Slain by a sky beast

Illustrated notes

Levels and vault maps discovered:
D:1:      scummos_arrival_checkerplants, layout_rooms
D:2:      layout_rooms
D:3:      layout_rooms, chequers_ecumenical_altar_simple_redux, first_ration
D:4:      layout_loops_ring, lemuel_temple_firewalk_b, serial_bayou_pond_b

Skill      XL: |  1  2  3  4  5  6 |
---------------+-------------------+-----
Crossbows      | 5 6 |  6.8
Fighting       | 3 4 |  4.6
Armour         | 1 2 3 |  3.5
Short Blades   | 1 |  1.8
Stealth        | 1 |  1.0
Dodging        | |  2.9
Evocations     | |  0.7

Action                   |  1- 3 |  4- 6 || total
-------------------------+-------+-------++-------
Melee: Short sword       |    10 |   148 ||   158
       Headbutt          |     4 |    27 ||    31
       Rapier            |       |     9 ||     9
 Fire: Hand crossbow     |    63 |    53 ||   116
Evoke: Wand              |       |     3 ||     3
  Use: Scroll            |       |     3 ||     3
       Potion            |       |     1 ||     1
 Stab: Paralysed         |       |     8 ||     8
  Eat: Chunk             |       |     4 ||     4
       Ration            |       |     2 ||     2
Armor: Leather armour    |     5 |    31 ||    36
Dodge: Dodged            |    13 |    94 ||   107
